 Dungeon Crawl Stone Soup version 0.28-a0-750-g7c675f85b1 (webtiles) character file.

Game seed: 5774743192801585129

2198 Gwenloh the Skirmisher (level 9, 0/66 HPs)
             Began as a Djinni Cinder Acolyte on Oct 29, 2021.
             Was a Priest of Ignis.
             Slain by Harold (13 damage)
             ... on level 7 of the Dungeon.
             The game lasted 00:24:51 (10263 turns).

Gwenloh the Skirmisher (Djinni Cinder Acolyte)     Turns: 10263, Time: 00:24:53

Health: 0/66       AC:  5    Str: 13    XL:     9   Next: 60%
Gold:   369        EV: 14    Int: 17    God:    Ignis [***...] SH:  0 Dex: 17

rFire   + + +      SeeInvis .   h - +0 long sword
rCold   x . .      Faith    .   (no shield)
rNeg    . . .      Spirit   .   l - +0 leather armour
rPois   ∞          Reflect  .   (no helmet)
rElec   .          Harm     .   B - +1 cloak
rCorr   .          Rampage  .   (no gloves)
Will    +....                   (boots unavailable)
Stlth   +.........              (no amulet)
HPRegen 0.21/turn               p - +6 ring of dexterity
MPRegen 0.00/turn               b - ring of willpower

@: marked, flying
A: sickness immunity, fire resistance 2, cold vulnerability 1, float, innate
caster, hp casting, extra vitality 1
a: Renounce Religion, Sea of Fire, Foxfire Swarm, Rising Flame


You were on level 7 of the Dungeon.
You worshipped Ignis.
Ignis was most pleased with you.
You visited 2 branches of the dungeon, and saw 8 of its levels.

You collected 369 gold pieces.

Inventory:

Hand Weapons
 a - a -1 falchion of flaming
 h - a +0 long sword (weapon)
Missiles
 D - 2 throwing nets
Armour
 l - a +0 leather armour (worn)
 B - a +1 cloak (worn)
Jewellery
 b - a ring of willpower (right hand)
 p - a +6 ring of dexterity (left hand)
Wands
 r - a wand of flame (20)
Scrolls
 m - 2 scrolls of fog
 o - 2 scrolls of enchant weapon {unknown}
 t - 2 scrolls of torment {unknown}
 u - 2 scrolls of teleportation
 y - a scroll of fear {unknown}
 z - a scroll of magic mapping {unknown}
 E - a scroll of enchant armour {unknown}
Potions
 c - 6 potions of curing {unknown}
 d - a potion of magic {unknown}
 f - 2 potions of brilliance {unknown}
 g - a potion of berserk rage {unknown}
 i - a potion of degeneration {unknown}
 s - 3 potions of haste
 v - a potion of heal wounds {unknown}
 x - 2 potions of flight {unknown}
 A - 4 potions of ambrosia {unknown}
 C - a potion of lignification {unknown}


   Skills:
 + Level 6.3 Fighting
 + Level 5.7 Long Blades
 + Level 4.9 Armour
 + Level 5.6 Dodging
 + Level 4.8 Spellcasting


You had 8 spell levels left.
You knew the following spells:

 Your Spells              Type           Power      Damage    Failure   Level
a - Magic Dart            Conj           80%        1d7       2%          1
b - Scorch                Fire           40%        2d7       3%          2
c - Static Discharge      Conj/Air       20%        N/A       3%          2
d - Slow                  Hex            80%        N/A       2%          1
e - Conjure Flame         Conj/Fire      20%        6-21      7%          3
Your spell library was empty.

Dungeon Overview and Level Annotations

Branches:
Dungeon (7/15)             Temple (1/1) D:4

Altars:
Cheibriados
Dithmenos
Elyvilon
Fedhas
Hepliaklqana
Kikubaaqudgha
Makhleb
Okawaru
Qazlal
Ru
Sif Muna
Trog
Uskayaw
Vehumet
Xom
Yredelemnul
Zin

Annotations:
D:7 Harold


Innate Abilities, Weirdness & Mutations

You are immune to sickness and miasma.
You are immune to poison.
Your flesh is very heat resistant. (rF++)
You are vulnerable to cold. (rC-)
You float through the air rather than walking.
You learn spells naturally, not from books.
Your magical power is your life essence.
You have superior vitality. (+4 HP)


Message History

Casting: Scorch (safe; 3% risk of failure)
Confirm with . or Enter, or press ? or * to list all spells.
Flames lash Harold.
Harold is burned terribly!
Harold is heavily wounded.
Harold is no longer more vulnerable to fire.
Harold misses you.
Casting: Scorch (safe; 3% risk of failure)
Confirm with . or Enter, or press ? or * to list all spells.
Harold is struck by an arc of lightning.
Harold is heavily wounded.
You are struck by an arc of lightning.
Harold is struck by an arc of lightning!
Harold is heavily wounded.
You are struck by an arc of lightning.
The lightning grounds out.
Harold hits you but does no damage.
Casting: Static Discharge (safe; 3% risk of failure)
Confirm with . or Enter, or press ? or * to list all spells.
Flames lash Harold.
Harold is severely wounded.
Harold's fire resistance burns away.
Harold hits you with a +0 mace!
* * * LOW HITPOINT WARNING * * *
Casting: Scorch (safe; 3% risk of failure)
Confirm with . or Enter, or press ? or * to list all spells.
Flames lash Harold.
Harold is burned terribly!
Harold is severely wounded.
* * * LOW HITPOINT WARNING * * *
Harold closely misses you.
Casting: Scorch (safe; 3% risk of failure)
Confirm with . or Enter, or press ? or * to list all spells.
Flames lash Harold.
Harold is burned terribly!
Harold is severely wounded.
* * * LOW HITPOINT WARNING * * *
Harold closely misses you.
Casting: Scorch (safe; 3% risk of failure)
Confirm with . or Enter, or press ? or * to list all spells.
Flames lash Harold.
Harold is burned terribly!
Harold is almost dead.
* * * LOW HITPOINT WARNING * * *
Harold hits you with a +0 mace!
You die...

####+### @.#
####......###..##
+...............
#....@.....# #@#
....##
####.##......
####........#.###
#.
.................
#.
#.............###
#..#.###.#.###.#.#
#..#. #...###.....
#....
#.#.....#.###
###....
...#.........


You could see Harold (combustible).

Vanquished Creatures
  Sigmund (D:6)
  Menkaure (D:6)
  Duvessa (D:4)
  2 black bears (D:5)
  A sky beast (D:6)
  A necrophage (D:6)
  2 ice beasts (D:6)
  A centaur (D:6)
  4 ogres
  A bullfrog (D:6)
  Dowan (D:4)
  A howler monkey (D:6)
  A bullfrog zombie (D:6)
  A centaur zombie (D:3)
  2 orc priests (D:5)
  2 jellies
  Crazy Yiuf (D:2)
  A centaur skeleton (D:6)
  Jessica (D:2)
  3 iguanas
  Ijyb (D:3)
  4 orc wizards (D:5)
  2 hound skeletons (D:4)
  A howler monkey skeleton (D:4)
  3 gnolls (D:4)
  8 adders
  A worm (D:3)
  2 dart slugs
  10 orcs
  5 endoplasms
  5 giant cockroaches
  8 goblins
  9 hobgoblins
  6 jackals
  4 kobolds
  5 quokkas
  3 ball pythons
  7 bats
  3 frilled lizards (D:1)
  7 rats
123 creatures vanquished.

Vanquished Creatures (others)
  23 foxfires
  2 plants (D:4)
25 creatures vanquished.

Grand Total: 148 creatures vanquished

Notes
Turn   | Place    | Note
-------+----------+-------------------------------------------
     0 | D:1      | Gwenloh the Djinni Cinder Acolyte began the quest for the
                  | Orb.
     0 | D:1      | Reached XP level 1. HP: 20/20 MP: 0/0
   235 | D:1      | Found a faded altar of an unknown god.
   262 | D:1      | Reached XP level 2. HP: 19/25 MP: 0/0
  1146 | D:1      | Reached XP level 3. HP: 28/30 MP: 0/0
  1146 | D:1      | Learned a level 1 spell: Magic Dart
  2476 | D:2      | Reached XP level 4. HP: 31/35 MP: 0/0
  2543 | D:2      | Found a runed translucent door.
  2544 | D:2      | Noticed Crazy Yiuf
  2550 | D:2      | Killed Crazy Yiuf
  2551 | D:2      | Reached skill level 1 in Dodging
  2799 | D:2      | Reached XP level 5. HP: 36/41 MP: 0/0
  2799 | D:2      | Learned a level 1 spell: Slow
  2893 | D:2      | Noticed Jessica
  2898 | D:2      | Killed Jessica
  2899 | D:2      | Reached skill level 1 in Armour
  3757 | D:3      | Reached skill level 4 in Fighting
  4115 | D:4      | Found a snail-covered altar of Cheibriados.
  4138 | D:4      | Noticed Ijyb
  4138 | D:4      | Noticed Duvessa
  4145 | D:4      | Noticed Dowan
  4150 | D:3      | Reached XP level 6. HP: 25/47 MP: 0/0
  4297 | D:4      | Noticed an ogre
  4362 | D:3      | Paralysed by Ijyb for 5 turns
  4380 | D:3      | Killed Ijyb
  4753 | D:4      | Killed an ogre
  4873 | D:4      | Noticed an ogre
  4883 | D:4      | Killed an ogre
  4884 | D:4      | Reached XP level 7. HP: 19/53 MP: 0/0
  4884 | D:4      | Learned a level 2 spell: Static Discharge
  5494 | D:4      | Found a staircase to the Ecumenical Temple.
  5800 | D:4      | Killed Duvessa
  5968 | D:4      | Killed Dowan
  6090 | Temple   | Entered the Ecumenical Temple
  6162 | D:5      | Entered Level 5 of the Dungeon
  6162 | D:5      | Found a hide-covered altar of Uskayaw.
  6662 | D:5      | Reached XP level 8. HP: 41/58 MP: 0/0
  7127 | D:5      | Reached skill level 5 in Fighting
  7632 | D:5      | Identified the +3 flail "Xom's Entertainment" {vamp, rN+}
  8006 | D:5      | Upgraded the game from 0.28-a0-730-g892d06dc2c to
                  | 0.28-a0-750-g7c675f85b1
  8289 | D:6      | Reached skill level 5 in Long Blades
  8308 | D:6      | Reached XP level 9. HP: 51/66 MP: 0/0
  8308 | D:6      | Learned a level 3 spell: Conjure Flame
  8451 | D:6      | Noticed Menkaure
  8456 | D:6      | Killed Menkaure
  9128 | D:6      | Noticed Sigmund
  9131 | D:6      | Reached skill level 5 in Dodging
  9133 | D:6      | Killed Sigmund
  9134 | D:6      | Reached skill level 6 in Fighting
 10243 | D:7      | Noticed Harold
 10263 | D:7      | Slain by Harold

Illustrated notes

Levels and vault maps discovered:
D:1:      minmay_arrival_five_plusses, layout_loops_ring,
          serial_co_window_serial, co_window_corner_a, co_window_cross_1,
          co_window_paths_b, co_window_paths_a, co_window_paths_b,
          co_window_of_opportunity_a, co_window_unsneaky_path_b,
          co_window_broadway_b, co_window_corner_cb, co_window_of_opportunity_c,
          co_window_unsneaky_path_c, shapermc_ecumenical_altar_notcrosses,
          minmay_pentomino_s4
D:2:      layout_rooms, st_stairs_14, minmay_circle_x, uniq_crazy_yiuf_cottage,
          uniq_jessica
D:3:      layout_basic
D:4:      layout_cave_pools, grunt_temple_overflow_open,
          minmay_temple_entry_overgrown, minmay_parallelograms, uniq_duvessa,
          uniq_ijyb
D:5:      black_bear_nest_2, layout_rooms,
          nicolae_uskayaw_murder_on_the_dancefloor, kennysheep_generic_room_13
D:6:      layout_loops_ring, minmay_tree_intersection, serial_park_tiny_1,
          uniq_sigmund, uniq_menkaure
D:7:      layout_basic, lemuel_doored_altar, tso_metal_star, uniq_harold,
          uniq_maggie
Temple:   eino_temple_lava

Skill      XL: |  1  2  3  4  5  6  7  8  9 |
---------------+----------------------------+-----
Long Blades    | 3 4 5 |  5.7
Dodging        | 1 2 3 4 5 |  5.6
Armour         | 1 2 3 4 |  4.9
Spellcasting   | 3 4 |  4.8
Fighting       | 4 5 6 |  6.3

Action                   |  1- 3 |  4- 6 |  7- 9 || total
-------------------------+-------+-------+-------++-------
Melee: Falchion          |    27 |       |       ||    27
       Long sword        |    15 |    27 |    17 ||    59
 Cast: Scorch            |    30 |    33 |    87 ||   150
       Magic Dart        |    12 |    38 |    74 ||   124
       Static Discharge  |       |       |    51 ||    51
       Slow              |       |       |     4 ||     4
Invok: Foxfire Swarm     |       |     2 |       ||     2
       Rising Flame      |       |       |     1 ||     1
  Use: Scroll            |       |       |     4 ||     4
 Stab: Sleeping          |     1 |       |       ||     1
Armor: Robe              |     6 |       |       ||     6
       Leather armour    |    10 |    13 |    22 ||    45
Dodge: Dodged            |    29 |    37 |    54 ||   120

Table legend: (Time is in decaauts)
 A = Elapsed time spent in this place.
 B = Non-inter-level travel time spent in this place.
 C = Inter-level travel time spent in this place.
 D = Time resting spent in this place.
 E = Time spent auto-exploring this place.
 F = Levels seen in this place.
 G = Mean time per level.
                   A        B        C        D        E       F      G
               +--------+--------+--------+--------+--------+-----+--------+
         Total |  10286 |   9834 |    452 |   2383 |   6364 |   8 | 1285.8 |
       Dungeon |  10233 |   9781 |    452 |   2383 |   6328 |   7 | 1461.9 |
        Temple |     52 |     52 |      0 |      0 |     36 |   1 |   52.0 |
               +--------+--------+--------+--------+--------+-----+--------+

Top non-repeatable levels by time:
     D:3: 2248 daAuts
     D:6: 1868 daAuts
     D:5: 1647 daAuts
     D:1: 1590 daAuts
     D:2: 1457 daAuts
     D:4: 1360 daAuts
     D:7: 61 daAuts
  Temple: 52 daAuts
